 Dungeon Crawl Stone Soup version 0.18.1-48-g4cf74bf (webtiles) character file.

5581 Gargoyl the Protected (level 10, -8/77 HPs)
             Began as a Demonspawn Abyssal Knight on June 27, 2016.
             Was a High Priest of Lugonu.
             Mangled by Gastronok (26 damage)
             ... on level 10 of the Dungeon.
             The game lasted 00:20:08 (9605 turns).

Gargoyl the Protected (Demonspawn Abyssal Knight)   Turns: 9605, Time: 00:20:09

Health: -8/77      AC: 19    Str: 17    XL:     10   Next: 44%
Magic:  10/10      EV:  5    Int: 14    God:    Lugonu [*****.]
Gold:   595        SH: 10    Dex: 17    Spells: 0 memorised, 9 levels left

rFire  . . .     SeeInvis .     C - +2 war axe (elec)
rCold  + . .     Gourm    .     B - +0 plate armour
rNeg   . . .     Faith    .     h - +0 shield
rPois  +         Spirit   .     (helmet restricted)
rElec  .         Dismiss  .     b - +2 cloak
rCorr  +         Reflect  .     (no gloves)
SustAt .         Harm     .     y - +0 pair of boots
MR     .....                    d - amulet of rage
Stlth  ..........               k - ring of resist corrosion
                                g - ring of poison resistance

@: very slightly contaminated, invisible (expiring), not resistant to hostile
enchantments, extremely unstealthy
A: horns 2, thin skeletal structure 2, cold resistance 1, demonic guardian 1,
low mp 1, strong 1, wild magic 2, freezing cloud immunity
a: Depart the Abyss, Bend Space, Banish, Corrupt, Enter the Abyss, Renounce
Religion, Evoke Berserk Rage


You were on level 10 of the Dungeon.
You worshipped Lugonu.
Lugonu was extremely pleased with you.
You were hungry.

You visited 1 branch of the dungeon, and saw 10 of its levels.
You visited the Abyss 1 time.

You collected 595 gold pieces.

Inventory:

Hand Weapons
 e - a +0 broad axe
 C - a +2 war axe of electrocution (weapon)
Missiles
 x - 16 tomahawks (quivered)
 A - 2 steel tomahawks
Armour
 b - a +2 cloak (worn)
 h - a +0 shield (worn)
 y - a +0 pair of boots (worn)
 B - a +0 plate armour (worn)
Jewellery
 d - an amulet of rage (around neck)
 g - a ring of poison resistance (left hand)
 k - a ring of resist corrosion (right hand)
Wands
 f - a wand of lightning (6/15)
 w - a wand of polymorph (23/24)
 D - a wand of lightning (9/15)
 G - a wand of lightning (8/15)
 H - a wand of flame (18/48)
Scrolls
 a - 2 scrolls of recharging
 j - 6 scrolls of identify
 m - 3 scrolls of teleportation
 r - 5 scrolls of remove curse
 z - 4 scrolls of fear
Potions
 i - 2 potions of ambrosia {unknown}
 l - 2 potions of cancellation
 o - a potion of mutation {unknown}
 q - a potion of agility {unknown}
 s - 2 potions of curing
 u - 3 potions of haste {unknown}
 v - a potion of heal wounds
 F - a potion of cure mutation {unknown}
Books
 n - a book of Cantrips

   Spells                             Type                      Level
   a - Corona                         Hexes                        1
   b - Animate Skeleton               Necromancy                   1
   c - Summon Small Mammal            Summoning                    1
   d - Apportation                    Translocation                1
Comestibles
 c - 5 bread rations
 p - 4 beef jerkies
 t - 3 meat rations
 E - 24 fruits


   Skills:
 + Level 6.7 Fighting
 + Level 7.0 Axes
 + Level 0.3 Throwing
 * Level 9.3 Armour
 + Level 3.1 Dodging
 + Level 1.2 Stealth
 + Level 5.4 Shields
 + Level 2.7 Invocations
 + Level 0.6 Evocations


You had 9 spell levels left.
You didn't know any spells.

Dungeon Overview and Level Annotations

Branches:
Dungeon (10/15)            Temple (0/1) D:5             Orc (0/2) D:9
   Lair: D:8-11

Altars:
Dithmenos
Gozag
Makhleb
Nemelex Xobeh
Pakellas
Ru
Xom
Yredelemnul

Annotations:
D:6 Blork the orc
D:10 Gastronok


Innate Abilities, Weirdness & Mutations

You have a pair of horns on your head.
You have a moderately thin skeletal structure (Dex +4, Stealth+).
Your flesh is cold resistant.
A weak demonic guardian rushes to your aid.
You are immune to freezing clouds.
Your magical capacity is low (-10% MP).
Your muscles are strong. (Str +2)
Your spells are harder to cast, but more powerful.


Message History

Gastronok is heavily wounded.
Your iron imp hits Gastronok.
Your iron imp hits Gastronok!
Gastronok bites your iron imp!!
Your iron imp dies!
Gastronok gurgles horribly!
Unknown command.
Your shield and plate armour prevent you from hitting Gastronok.
Gastronok is severely wounded.
You flicker for a moment.
Your iron imp disappears in a puff of smoke!
Gastronok waves his eye-stalks in wide circles.
The air twists around and strikes you!
* * * LOW HITPOINT WARNING * * *
You slash Gastronok!
Gastronok is severely wounded.
You are feeling hungry.
You slash Gastronok!
There is a sudden explosion of sparks!
Gastronok is almost dead.
Gastronok bites you!!
You die...

#..# #..# #..#
#########..#############
.............>..........
........................
........$..............#
.......................#
.......@...............#
.......w...............#
<......>...............#
.......................#
...........(†..........#
.......................#
....%..................#
........................
...........########


You could see Gastronok.

Vanquished Creatures
  Psyche (D:10)
  A two-headed ogre (D:8)
  A wyvern (D:8)
  2 hippogriffs
  Sigmund (D:2)
  A warg (D:9)
  An orc warrior (D:9)
  2 black bears
  5 sky beasts
  An eye of draining (D:9)
  An ice beast (D:9)
  2 phantoms
  4 ogres
  3 centaurs
  A big kobold (D:9)
  3 giant frogs
  A wyvern zombie (D:9)
  A wyvern skeleton (D:8)
  5 scorpions
  3 killer bees (D:9)
  2 howler monkeys (D:7)
  3 wights
  A crimson imp (D:5)
  A centaur zombie (D:5)
  2 giant frog zombies
  4 hounds
  8 orc priests
  A jelly (D:5)
  Crazy Yiuf (D:2)
  A giant frog skeleton (D:8)
  Natasha (twice) (D:3)
  An iguana (D:8)
  8 orc wizards
  11 worker ants
  A worker ant zombie (D:5)
  13 adders
  2 oozes
  An adder zombie (D:7)
  3 worms
  2 dart slugs
  7 giant geckos
  44 orcs
  2 ball pythons
  6 bats
  6 giant cockroaches
  4 goblins
  10 hobgoblins
  14 jackals
  4 quokkas
  A giant gecko zombie (D:6)
  8 giant newts
  7 kobolds
  8 rats
229 creatures vanquished.

Vanquished Creatures (collateral kills)
  A troll (D:9)
  A sky beast (D:6)
  A black bear (D:9)
  An ogre (D:6)
  A giant frog (D:6)
  A killer bee (D:9)
  A wight (D:6)
  An iguana (D:8)
  An adder (D:8)
  An orc (D:8)
10 creatures vanquished.

Vanquished Creatures (others)
  A giant frog (D:8)
  An orc wizard (D:6)
2 creatures vanquished.

Grand Total: 241 creatures vanquished

Notes
Turn   | Place    | Note
--------------------------------------------------------------
     0 | Abyss:1  | Gargoyl the Demonspawn Abyssal Knight began the quest for the Orb.
     0 | Abyss:1  | Reached XP level 1. HP: 18/18 MP: 2/2
     3 | Abyss:2  | Found a corrupted altar of Lugonu.
    18 | Abyss:2  | Noticed a small abomination
    24 | D:1      | Escaped the Abyss
   172 | D:1      | Reached * piety under Lugonu
   195 | D:1      | Reached skill level 1 in Dodging
   200 | D:1      | Reached skill level 2 in Armour
   240 | D:1      | Gained mutation: You have a pair of small horns on your head. [demonic ancestry]
   240 | D:1      | Reached XP level 2. HP: 20/24 MP: 3/3
   828 | D:1      | Gained mutation: You have a somewhat thin skeletal structure (Dex +2, Stealth). [demonic ancestry]
   828 | D:1      | Reached XP level 3. HP: 27/29 MP: 4/4
   885 | D:1      | Reached ** piety under Lugonu
  1006 | D:2      | Noticed Crazy Yiuf
  1012 | D:2      | Killed Crazy Yiuf
  1012 | D:2      | Reached XP level 4. HP: 32/35 MP: 5/5
  1562 | D:2      | Noticed Sigmund
  1576 | D:2      | Gained mutation: Your spells are a little harder to cast, but a little more powerful. [potion of beneficial mutation]
  1585 | D:2      | Killed Sigmund
  1585 | D:2      | Reached skill level 3 in Armour
  1585 | D:2      | Reached skill level 1 in Shields
  1585 | D:2      | Gained mutation: You have a moderately thin skeletal structure (Dex +4, Stealth+). [demonic ancestry]
  1585 | D:2      | Reached XP level 5. HP: 5/42 MP: 6/6
  2219 | D:3      | Found a sacrificial altar of Ru.
  2236 | D:3      | Found a sparkling altar of Nemelex Xobeh.
  2267 | D:3      | Found a faded altar to an unknown god.
  2273 | D:3      | Gained mutation: Your flesh is cold resistant. [demonic ancestry]
  2273 | D:3      | Reached XP level 6. HP: 48/48 MP: 7/7
  2379 | D:3      | Reached *** piety under Lugonu
  2524 | D:3      | Noticed Natasha
  2527 | D:3      | Killed Natasha
  2527 | D:3      | Reached skill level 4 in Armour
  2704 | D:3      | Noticed Natasha
  2728 | D:3      | Killed Natasha
  3243 | D:4      | Reached XP level 7. HP: 32/54 MP: 8/8
  3783 | D:4      | Reached skill level 5 in Armour
  3818 | D:4      | Reached **** piety under Lugonu
  3964 | D:5      | Entered Level 5 of the Dungeon
  4637 | D:5      | Found a staircase to the Ecumenical Temple.
  4684 | D:5      | Gained mutation: A weak demonic guardian rushes to your aid. [demonic ancestry]
  4684 | D:5      | Reached XP level 8. HP: 37/61 MP: 9/9
  5135 | D:6      | Gained mutation: Your spells are harder to cast, but more powerful. [mutagenic meat]
  5136 | D:6      | Gained mutation: You have sharp toenails. [mutagenic meat]
  5137 | D:6      | Gained mutation: Your magical capacity is low (-10% MP). [mutagenic meat]
  5138 | D:6      | Gained mutation: Your muscles are strong. (Str +2) [mutagenic meat]
  5139 | D:6      | Lost mutation: Your muscles are strong. (Str +2) [mutagenic meat]
  5341 | D:6      | Reached skill level 6 in Armour
  5647 | D:6      | Noticed Blork the orc
  5650 | D:6      | Reached skill level 5 in Fighting
  6032 | D:7      | Found an opulent altar of Gozag.
  6242 | D:7      | Reached skill level 7 in Armour
  6255 | D:7      | Lost mutation: You have sharp toenails. [mutagenic meat]
  6256 | D:7      | Gained mutation: Your muscles are strong. (Str +2) [mutagenic meat]
  6394 | D:7      | Gained mutation: You have a pair of horns on your head. [demonic ancestry]
  6394 | D:7      | Reached XP level 9. HP: 24/68 MP: 9/9
  6395 | D:7      | HP: 3/68 [wight/great sword of slicing (1)]
  6721 | D:6      | Reached skill level 5 in Axes
  6900 | D:7      | Found a burning altar of Makhleb.
  7344 | D:8      | Reached ***** piety under Lugonu
  7443 | D:8      | Found a basalt altar of Yredelemnul.
  7470 | D:8      | Found a shimmering altar of Xom.
  7571 | D:8      | Reached skill level 8 in Armour
  7969 | D:8      | Reached skill level 1 in Stealth
  8124 | D:9      | Found a shadowy altar of Dithmenos.
  8236 | D:9      | Found an oddly glowing altar of Pakellas.
  8250 | D:9      | Noticed a troll
  8273 | D:9      | Found a staircase to the Orcish Mines.
  8364 | D:9      | Gained mutation: You are immune to freezing clouds. [demonic ancestry]
  8364 | D:9      | Reached XP level 10. HP: 43/76 MP: 10/10
  8806 | D:9      | Reached skill level 5 in Shields
  8993 | D:9      | Reached skill level 9 in Armour
  9545 | D:10     | Entered Level 10 of the Dungeon
  9587 | D:10     | Noticed Psyche
  9589 | D:10     | Noticed Gastronok
  9596 | D:10     | Killed Psyche
  9605 | D:10     | Mangled by Gastronok

Skill      XL: |  1  2  3  4  5  6  7  8  9 10 |
---------------+-------------------------------+-----
Dodging        | 1 2 3 |  3.1
Armour         | 2 3 4 5 7 8 9 |  9.3
Axes           | 2 3 4 6 7 |  7.0
Shields        | 1 2 3 4 5 |  5.4
Fighting       | 4 5 6 |  6.7
Stealth        | 1 |  1.2
Throwing       | |  0.3
Invocations    | |  2.7
Evocations     | |  0.6

Action                   |  1- 3 |  4- 6 |  7- 9 | 10-12 || total
-------------------------+-------+-------+-------+-------++-------
Melee: Broad axe         |    98 |   207 |   376 |       ||   681
       Headbutt          |     9 |    20 |    99 |    20 ||   148
       War axe           |       |       |    85 |    95 ||   180
Throw: Tomahawk          |       |       |     3 |       ||     3
Invok: Depart the Abyss  |     1 |       |       |       ||     1
       Bend Space        |       |       |     3 |       ||     3
 Abil: Evoke Berserk Rag |       |     1 |     1 |       ||     2
  Use: Potion            |       |     6 |     5 |       ||    11
       Scroll            |       |     1 |    15 |       ||    16
 Stab: Distracted        |       |       |     3 |       ||     3
  Eat: Chunk             |     1 |     7 |    22 |       ||    30
       Fruit             |       |       |     4 |     4 ||     8
       Royal jelly       |       |       |     1 |       ||     1
       Pizza             |       |       |       |     1 ||     1
Armor: Chain mail        |   118 |   152 |   242 |       ||   512
       Skin              |       |     4 |       |       ||     4
       Plate armour      |       |       |   228 |    53 ||   281
Dodge: Dodged            |    12 |    51 |   122 |    18 ||   203
Block: Shield            |    51 |   107 |   319 |    47 ||   524
